 Dungeon Crawl Stone Soup version 0.20.1-1-g8b1a95d (webtiles) character file.

260 NoNouf the Sneak (level 6, -2/49 HPs)
             Began as a Human Assassin on Aug 8, 2017.
             Slain by a gnoll
             ... wielding a +0 whip
              (5 damage)
             ... on level 3 of the Dungeon.
             The game lasted 00:22:54 (3825 turns).

NoNouf the Sneak (Human Assassin)                   Turns: 3825, Time: 00:22:55

Health: -2/49      AC:  3    Str: 12    XL:     6   Next: 41%
Magic:  6/6        EV: 12    Int: 11    God:
Gold:   101        SH:  0    Dex: 16    Spells: 5/5 levels left

rFire    . . .     SeeInvis .   q - +3 quarterstaff (chaos)
rCold    . . .     Gourm    .   (shield currently unavailable)
rNeg     . . .     Faith    .   c - +0 robe
rPois    .         Spirit   .   (no helmet)
rElec    .         Reflect  .   u - +0 cloak
rCorr    .         Harm     .   (no gloves)
MR       .....                  (no boots)
Stlth    +.........             (no amulet)
Regen    0.2/turn               (no ring)
MPRegen  0.1/turn               (no ring)

@: glowing
A: no striking features
a: no special abilities


You were on level 3 of the Dungeon.
You were not hungry.

You visited 1 branch of the dungeon, and saw 3 of its levels.

You collected 101 gold pieces.

Inventory:

Hand Weapons
 a - a +2 dagger
 b - a +0 blowgun
 j - a +1 hunting sling
 p - a cursed +0 mace
 q - a +3 quarterstaff of chaos (weapon)
Missiles
 e - 7 poisoned needles
 f - 2 curare-tipped needles
 o - 107 stones (quivered)
 v - 16 sling bullets
Armour
 c - a +0 robe (worn)
 d - a +0 cloak
 u - a +0 cloak (worn)
Wands
 x - a wand of polymorph (11/24)
Scrolls
 n - a scroll of enchant weapon
 w - 2 scrolls of fear
 y - a scroll of identify
Potions
 h - 2 potions of resistance {unknown}
 i - a potion of lignification {unknown}
 l - 4 potions of curing
 m - a potion of mutation {unknown}
 s - 2 potions of haste {unknown}
 t - a potion of agility
 z - a potion of flight {unknown}
Comestibles
 g - 2 bread rations
 k - a meat ration
 A - 2 chunks of flesh


   Skills:
 + Level 4.6 Fighting
 - Level 2.0 Short Blades
 - Level 2.8(3.2) Slings
 - Level 2.0(2.7) Throwing
 - Level 1.0 Dodging
 - Level 5.0 Stealth


You had 5 spell levels left.
You didn't know any spells.

Dungeon Overview and Level Annotations

Branches:
Dungeon (3/15)

Altars:
Cheibriados
Makhleb


Message History

You hit something.
The gnoll hits you from afar with a spear!
Something hits you. x2; The gnoll barely misses you.
A gnoll shaman comes into view. It is wielding a whip.
The gnoll shaman invokes the aid of its god against you.
You are outlined in light.
You feel much better. Something hits you. x2
The gnoll hits you from afar with a spear!
You sock something!
You feel better.
Reactivating autopickup.
You feel a bit more experienced. Something hits you.
* * * LOW HITPOINT WARNING * * *
Deactivating autopickup; reactivate with Ctrl-A.
The gnoll completely misses you.
You barely miss the gnoll shaman. Something hits you.
* * * LOW HITPOINT WARNING * * *
The gnoll closely misses you. The gnoll shaman hits you with a whip.
* * * LOW HITPOINT WARNING * * *
Something hits you.
You die...

#.# #.# ##.# ..# ..#
################.#
...#...........#g#
...'...........'@#
...#...........#)#
')'#############.g.#
.......... #...#
...≈≈≈≈≈≈≈ #####
...≈≈≈≈≈≈≈ ≈≈
...≈≈≈≈≈≈≈ ≈≈≈
.......... ...
..######## ####


You could see a gnoll shaman and a gnoll.

Vanquished Creatures
  Crazy Yiuf (D:2)
  A gnoll shaman (D:3)
  10 gnolls (D:3)
  An adder (D:2)
  2 oozes
  3 worms
  A dart slug (D:2)
  2 leopard geckos (D:2)
  3 orcs
  11 bats
  10 goblins
  6 hobgoblins
  8 jackals
  A quokka (D:2)
  4 frilled lizards
  5 kobolds
  10 rats
79 creatures vanquished.

Notes
Turn   | Place    | Note
-------+----------+-------------------------------------------
     0 | D:1      | NoNouf the Human Assassin began the quest for the Orb.
     0 | D:1      | Reached XP level 1. HP: 16/16 MP: 1/1
    36 | D:1      | Reached XP level 2. HP: 16/22 MP: 2/2
   685 | D:1      | Reached XP level 3. HP: 27/27 MP: 3/3
   792 | D:1      | Reached skill level 5 in Stealth
  1203 | D:2      | Found a runed door.
  1207 | D:2      | Noticed Crazy Yiuf
  1238 | D:2      | HP: 1/28 [Crazy Yiuf/quarterstaff of chaos (3)]
  1634 | D:2      | Reached skill level 1 in Slings
  1634 | D:2      | Reached XP level 4. HP: 34/34 MP: 4/4
  1672 | D:2      | Found a burning altar of Makhleb.
  1804 | D:2      | Found a snail-covered altar of Cheibriados.
  1921 | D:2      | Killed Crazy Yiuf
  2190 | D:2      | Found a faded altar of an unknown god.
  2251 | D:2      | Reached XP level 5. HP: 39/39 MP: 5/5
  3546 | D:3      | Reached XP level 6. HP: 21/48 MP: 6/6
  3825 | D:3      | Slain by a gnoll

Skill      XL: |  1  2  3  4  5  6 |
---------------+-------------------+-----
Stealth        | 5 |  5.0
Slings         | 1 2 |  2.8
Fighting       | 3 4 |  4.6
Short Blades   | |  2.0
Throwing       | |  2.0
Dodging        | |  1.0

Action                   |  1- 3 |  4- 6 || total
-------------------------+-------+-------++-------
Melee: Dagger            |    76 |    45 ||   121
       Quarterstaff      |       |    42 ||    42
 Fire: Hunting sling     |    31 |    50 ||    81
       Blowgun           |     7 |       ||     7
Throw: Stone             |       |     5 ||     5
  Use: Potion            |     2 |     6 ||     8
       Scroll            |     2 |     3 ||     5
 Stab: Sleeping          |    10 |     3 ||    13
       Distracted        |       |     1 ||     1
  Eat: Chunk             |     2 |     7 ||     9
Armor: Robe              |    18 |    18 ||    36
Dodge: Dodged            |    42 |    52 ||    94
